 Dungeon Crawl Stone Soup version 0.29-a0-330-g52719c12eb (webtiles) character file.

Game seed: 12899296863989457232

5794 kae the Thaumaturge (level 10, -15/60 HPs)
             Began as a Deep Elf Fire Elementalist on May 1, 2022.
             Was a Follower of Ashenzari.
             Engulfed by a cloud of flame (21 damage)
             ... on level 9 of the Dungeon.
             The game lasted 00:08:18 (12586 turns).

kae the Thaumaturge (Deep Elf Fire Elementalist)   Turns: 12586, Time: 00:08:18

Health: -15/60     AC: 17    Str:  5    XL:     10   Next: 50%
Magic:  16/25      EV: 12    Int: 31    God:    Ashenzari [*.....]
Gold:   613        SH:  0    Dex: 15    Spells: 14/28 levels left

rFire   . . .      SeeInvis .   k - staff of air
rCold   . . .      Faith    .   (no shield)
rNeg    . . .      Spirit   .   z - +4 ring mail {rPois}
rPois   +          Reflect  .   c - +0 helmet
rElec   +          Harm     .   y - +2 cloak of Cremastomancy {Bglg, Cun} (curse)
rCorr   .          Rampage  .   h - +0 pair of gloves
Will    +....                   u - +2 pair of boots
Stlth   ++........              (no amulet)
HPRegen 0.20/turn               s - ring "Prophetic Polytheism" {Int+6, Elem, Bglg} (curse)
MPRegen 0.19/turn               (no ring)

@: no status effects
A: no striking features
a: Renounce Religion, Shatter the Chains


You were on level 9 of the Dungeon.
You worshipped Ashenzari.
Ashenzari was aware of your devotion.
You visited 2 branches of the dungeon, and saw 10 of its levels.
You also visited: Bailey.

You collected 697 gold pieces.
You spent 84 gold pieces at shops.

Inventory:

Missiles
 x - 2 throwing nets
Armour
 a - a +0 robe
 c - a +0 helmet (worn)
 h - a +0 pair of gloves (worn)
 u - a +2 pair of boots (worn)
 v - a +0 troll leather armour
 y - the cursed +2 cloak of Cremastomancy (worn) {Bglg, Cun}
   (You found it on level 6 of the Dungeon)

   It has a curse which improves the following skills: Beguiling: Conjurations,
   Hexes and Translocations.
   Cunning:   Dodging and Stealth.
 z - a +4 ring mail of poison resistance (worn)
 B - the +0 pair of boots of Orthodoxy {Int+4 Stlth+}
   (You found it in a bailey)

   Int:       It affects your intelligence (+4).
   Stlth:     It makes you more stealthy.
Magical Staves
 k - a staff of air (weapon)
Jewellery
 s - the cursed ring "Prophetic Polytheism" (left hand) {Int+6, Elem, Bglg}
   (You found it on level 5 of the Dungeon)

   [ring of intelligence]

   Int:       It affects your intelligence (+6).
   It has a curse which improves the following skills: Elements: Fire Magic, Ice
   Magic, Air Magic and Earth Magic.
   Beguiling: Conjurations, Hexes and Translocations.
Wands
 n - a wand of flame (42)
 q - a wand of iceblast (11)
 r - a wand of polymorph (15)
 w - a wand of mindburst (13)
 A - a wand of paralysis (12)
 G - a wand of charming (9)
Scrolls
 f - a scroll of magic mapping
 E - a scroll of summoning
 H - a scroll of teleportation
Potions
 b - 2 potions of magic
 d - 3 potions of curing
 e - a potion of cancellation
 g - 3 potions of attraction
 i - 3 potions of mutation
 j - 4 potions of heal wounds
 l - a potion of lignification
 m - 2 potions of resistance
 o - 2 potions of might
 p - a potion of ambrosia
 t - 2 potions of brilliance
 F - a potion of berserk rage
Miscellaneous
 C - a box of beasts
 D - a phantom mirror


   Skills:
 + Level 5.8 Fighting
 + Level 9.0(9.8) Dodging
 - Level 2.4(3.1) Stealth
 + Level 9.7 Spellcasting
 + Level 7.7(9.1) Conjurations
 + Level 8.4(9.3) Fire Magic


You had 14 spell levels left.
You knew the following spells:

 Your Spells              Type           Power      Damage    Failure   Level
a - Foxfire               Conj/Fire      100%       2x1d9     1%          1
b - Scorch                Fire           100%       2d10      1%          2
c - Conjure Flame         Conj/Fire      64%        6-21      1%          3
d - Inner Flame           Hex/Fire       44%        N/A       7%          3
e - Flame Wave            Conj/Fire      64%        2d12      3%          4
f - Slow                  Hex            60%        N/A       16%         1

Your spell library contained the following spells:

 Spells                   Type           Power      Damage    Failure   Level
 Summon Small Mammal      Summ           60%        N/A       16%         1
 Call Canine Familiar     Summ           15%        N/A       43%         3
 Confusing Touch          Hex            15%        N/A       43%         3
 Summon Guardian Golem    Hex/Summ       15%        N/A       43%         3
 Vampiric Draining        Necr           15%        2d7       43%         3


Dungeon Overview and Level Annotations

Branches:
Dungeon (9/15)             Temple (1/1) D:6          Bailey (visited)
   Lair: D:8-11         Orc: D:9-12

Altars:
Ashenzari
Cheibriados
Dithmenos
Elyvilon
Fedhas
Gozag
Hepliaklqana
Kikubaaqudgha
Makhleb
Nemelex Xobeh
Okawaru
Qazlal
Ru
Sif Muna
Trog
Uskayaw
Vehumet
Wu Jian
Xom
Yredelemnul
Zin
The Shining One

Shops:
D:8 *[=(

Annotations:
D:3 2 transporters, 3 runed translucent doors, Pichade's ghost, amateur TrBe


Message History

The kobold barely resists.
The foxfire hits the kobold!
You kill the kobold!
A kobold comes into view. It is wielding a +1 dagger of venom.
Casting: Inner Flame (dangerous; 7% risk of failure)
Confirm with . or Enter, or press ? or * to list all spells.
You conjure some foxfire!
The foxfire hits the kobold brigand.
The kobold brigand is lightly wounded.
Casting: Foxfire (safe; 1% risk of failure)
Confirm with . or Enter, or press ? or * to list all spells.
You conjure some foxfire!
The foxfire hits the kobold.
The kobold is severely wounded.
The foxfire hits the kobold!
You kill the kobold!
Casting: Foxfire (safe; 1% risk of failure)
Confirm with . or Enter, or press ? or * to list all spells.
Aiming: Inner Flame (dangerous; 7% risk of failure)
Press: ? - help, Dir - move target, f - kobold
Aim: a kobold, wielding a +1 dagger of venom (chance to affect: 97%)
The kobold is filled with an inner flame.
Casting: Inner Flame (dangerous; 7% risk of failure)
Confirm with . or Enter, or press ? or * to list all spells.
You conjure some foxfire!
The foxfire hits the kobold.
Flame seeps out of the kobold.
The kobold is severely wounded.
The foxfire hits the kobold!
The kobold explodes!
The fiery explosion engulfs you!!
The fiery explosion engulfs the kobold brigand!!
You kill the kobold brigand!
The kobold throws a poisoned dart.
The poisoned dart closely misses you.
Your Dodging skill increases to level 9!
Casting: Foxfire (safe; 1% risk of failure)
Confirm with . or Enter, or press ? or * to list all spells.
You conjure some foxfire!
You are engulfed in blazing flames.
Ouch! That really hurt!
* * * LOW HITPOINT WARNING * * *
You are engulfed in blazing flames.
You die...

#########
........###
........'.###
.......<#..@#
........###vv§#
........#
###§K.).
........#
##..).
........# ...
........# ..
#####+### #


You could see a kobold (ally target).

Vanquished Creatures
  A two-headed ogre (D:8)
  A deep elf pyromancer (Bailey)
  An orc knight (Bailey)
  Grinder (D:4)
  2 trolls (D:7)
  A wyvern (D:8)
  A wraith (D:7)
  A water moccasin (D:7)
  Duvessa (D:4)
  3 sky beasts
  2 ice beasts
  7 orc warriors
  An ogre (D:7)
  2 centaurs (D:8)
  A phantom (D:5)
  A kobold brigand (D:9)
  Blork the orc (D:4)
  3 bullfrogs
  A necrophage (D:5)
  A gnoll sergeant (D:7)
  A scorpion (D:4)
  5 wights (D:7)
  Dowan (D:4)
  A howler monkey (D:7)
  A gnoll shaman (D:7)
  3 orc priests
  3 hounds
  6 iguanas
  5 orc wizards
  16 gnolls
  5 adders
  2 white imps
  3 worms
  3 dart slugs
  36 orcs
  8 ball pythons
  6 endoplasms
  2 giant cockroaches
  7 goblins
  8 hobgoblins
  8 jackals (D:4)
  4 quokkas
  9 bats
  4 frilled lizards
  10 kobolds
  7 rats
197 creatures vanquished.

Vanquished Creatures (collateral kills)
  A foxfire (D:2)
1 creature vanquished.

Vanquished Creatures (others)
  672 foxfires
672 creatures vanquished.

Grand Total: 870 creatures vanquished

Notes
Turn   | Place    | Note
-------+----------+-------------------------------------------
     0 | D:1      | kae the Deep Elf Fire Elementalist began the quest for the
                  | Orb.
     0 | D:1      | Reached XP level 1. HP: 10/10 MP: 6/6
   122 | D:1      | Found a faded altar of an unknown god.
   462 | D:1      | Reached XP level 2. HP: 16/16 MP: 4/8
  1605 | D:2      | Reached XP level 3. HP: 16/20 MP: 4/9
  1942 | D:2      | Reached skill level 1 in Fighting
  2017 | D:2      | Learned a level 2 spell: Scorch
  2021 | D:2      | Learned a level 3 spell: Conjure Flame
  2431 | D:2      | Reached XP level 4. HP: 25/25 MP: 8/11
  2462 | D:2      | Learned a level 3 spell: Inner Flame
  2585 | D:3      | Found a transporter.
  2589 | D:3      | Found a transporter.
  3354 | D:3      | Found a runed translucent gate.
  3354 | D:3      | Found a runed translucent gate.
  3354 | D:3      | Noticed Pichade's ghost (amateur TrBe)
  3364 | D:3      | Found a runed translucent gate.
  3841 | D:4      | Noticed Dowan
  3842 | D:4      | Noticed Duvessa
  3924 | D:4      | Killed Dowan
  3925 | D:4      | Reached XP level 5. HP: 26/29 MP: 6/13
  5193 | D:4      | Reached XP level 6. HP: 31/35 MP: 9/14
  5268 | D:4      | Killed Duvessa
  5465 | D:4      | Reached skill level 5 in Spellcasting
  5774 | D:4      | Noticed Blork the orc
  5781 | D:4      | Killed Blork the orc
  5782 | D:4      | Reached XP level 7. HP: 35/40 MP: 9/16
  5867 | D:4      | Noticed Grinder
  5890 | D:4      | Killed Grinder
  5891 | D:4      | Reached skill level 5 in Dodging
  5891 | D:4      | Reached skill level 5 in Fire Magic
  6408 | D:5      | Entered Level 5 of the Dungeon
  6759 | D:5      | Learned a level 4 spell: Flame Wave
  6975 | D:5      | Reached XP level 8. HP: 46/46 MP: 16/19
  7783 | D:6      | Reached skill level 5 in Conjurations
  7979 | D:6      | Found a staircase to the Ecumenical Temple.
  8215 | Temple   | Entered the Ecumenical Temple
  8436 | Temple   | Became a worshipper of Ashenzari the Shackled
  9062 | D:7      | Noticed a troll
  9094 | D:7      | Killed a troll
  9536 | D:7      | HP: 1/48 [orc priest/divine providence (13)]
  9544 | D:7      | Reached XP level 9. HP: 34/52 MP: 10/22
 10227 | D:8      | Found Wemus's Jewellery Shop.
 10292 | D:8      | Found Pabujail's Weapon Boutique.
 10307 | D:7      | Noticed a red ugly thing
 10417 | D:7      | Noticed a troll
 10422 | D:7      | Killed a troll
 10481 | D:8      | Found Tobbirua's Armour Shop.
 10529 | D:8      | Found a flagged portal.
 10540 | Bailey   | Entered a bailey
 10780 | Bailey   | Learned a level 1 spell: Slow
 10798 | Bailey   | Found a large runed translucent door.
 10798 | Bailey   | Found a large runed translucent door.
 10908 | Bailey   | Noticed an orc knight
 10918 | Bailey   | Killed an orc knight
 10919 | Bailey   | Reached skill level 5 in Fighting
 10979 | Bailey   | Reached XP level 10. HP: 53/59 MP: 19/24
 11023 | Bailey   | Noticed a deep elf pyromancer
 11170 | Bailey   | Killed a deep elf pyromancer
 11225 | Bailey   | Identified the +0 pair of boots of Orthodoxy {Int+4 Stlth+}
 11324 | D:8      | Reached * piety under Ashenzari
 11327 | D:8      | Found a burning altar of Makhleb.
 12305 | D:8      | Found Urphixeh's General Store.
 12319 | D:8      | Bought a potion of curing for 42 gold pieces
 12319 | D:8      | Bought a scroll of teleportation for 42 gold pieces
 12377 | D:8      | Noticed a two-headed ogre
 12390 | D:8      | Killed a two-headed ogre
 12586 | D:9      | Engulfed by a cloud of flame

Illustrated notes

Levels and vault maps discovered:
D:1:      dpeg_arrival_water_fire, layout_basic, ebering_ecumenical_altar_hall,
          st_stairs_13
D:2:      layout_basic, st_stairs_14, minmay_increasing_density
D:3:      gammafunk_steamed_eel, layout_basic, ebering_ghost_rock_garden,
          dreamdust_princess_corridor
D:4:      layout_basic, grunt_ministairs_10, nicolae_zen_rock_garden,
          chequers_serial_rivers_small_3, st_stairs_8, uniq_duvessa,
          uniq_blork_the_orc, uniq_grinder
D:5:      layout_rooms
D:6:      layout_loops_corners, minmay_temple_entry_poolview
D:7:      minmay_klotski, layout_basic, serial_co_window_serial,
          co_window_of_opportunity_a, co_window_of_opportunity_a,
          co_window_paths_a, co_window_paths_b, co_window_paths_a,
          co_window_paths_c, co_window_cross_4, co_window_of_opportunity_c,
          co_window_corner_ca, co_window_sun, glass_columns_a, glass_columns_a
D:8:      layout_loops_ring, mainiacjoe_overflow_alcove_1,
          serial_co_window_serial, co_window_paths_a,
          co_window_of_opportunity_a, co_window_paths_a, co_window_corner_a,
          co_window_of_opportunity_a, co_window_of_opportunity_b,
          co_window_2corner, co_window_broadway_c, co_window_corner_b,
          co_window_broadway_b, co_window_paths_e, glass_columns_a,
          glass_columns_a, glass_columns_a, serial_shops, shop,
          nicolae_diamond_shop, shop_fountains, nicolae_shop_waterfront,
          special_room [special_room_orc], enter_bailey_6, amethyst_killhole
D:9:      layout_roguey, uniq_harold, uniq_erolcha
Temple:   compressed_dpeg_triangle_lava_temple

Skill      XL: |  1  2  3  4  5  6  7  8  9 10 |
---------------+-------------------------------+-----
Dodging        | 3 4 5 6 8 9 |  9.0
Fighting       | 1 2 3 4 5 |  5.8
Conjurations   | 2 3 4 5 7 |  7.7
Spellcasting   | 4 5 6 7 8 9 |  9.7
Fire Magic     | 4 5 6 7 8 |  8.4
Stealth        | |  2.4

Action                   |  1- 3 |  4- 6 |  7- 9 | 10-12 || total
-------------------------+-------+-------+-------+-------++-------
Melee: Unarmed           |     1 |       |       |       ||     1
       Staff             |       |    11 |       |    23 ||    34
 Cast: Foxfire           |    94 |   103 |   174 |    27 ||   398
       Scorch            |       |    21 |    54 |    18 ||    93
       Conjure Flame     |       |     2 |     8 |     2 ||    12
       Flame Wave        |       |       |     3 |     1 ||     4
       Inner Flame       |       |       |     8 |     6 ||    14
       Slow              |       |       |     2 |       ||     2
Invok: Curse Item        |       |       |     1 |     1 ||     2
  Use: Scroll            |     5 |     2 |     9 |     2 ||    18
       Potion            |       |       |     2 |     3 ||     5
Armor: Robe              |     4 |    22 |    15 |       ||    41
       Troll leather arm |       |       |    14 |       ||    14
       Ring mail         |       |       |       |    37 ||    37
       Skin              |       |       |       |     5 ||     5
Dodge: Dodged            |    13 |    65 |    85 |    40 ||   203

Table legend: (Time is in decaauts)
 A = Elapsed time spent in this place.
 B = Non-inter-level travel time spent in this place.
 C = Inter-level travel time spent in this place.
 D = Time resting spent in this place.
 E = Time spent auto-exploring this place.
 F = Levels seen in this place.
 G = Mean time per level.
                   A        B        C        D        E       F      G
               +--------+--------+--------+--------+--------+-----+--------+
         Total |  12606 |  12112 |    494 |   1377 |   8868 |  11 | 1146.0 |
       Dungeon |  11615 |  11158 |    457 |   1229 |   8350 |   9 | 1290.6 |
        Temple |    234 |    197 |     37 |      0 |    182 |   1 |  234.0 |
        Bailey |    755 |    755 |      0 |    148 |    336 |   1 |  755.0 |
               +--------+--------+--------+--------+--------+-----+--------+

Top non-repeatable levels by time:
     D:4: 2480 daAuts
     D:7: 1643 daAuts
     D:1: 1487 daAuts
     D:8: 1447 daAuts
     D:6: 1373 daAuts
     D:3: 1354 daAuts
     D:2: 1092 daAuts
  Bailey: 755 daAuts
     D:5: 719 daAuts
  Temple: 234 daAuts
     D:9: 17 daAuts
